Map: Ulrena

Players

Johnny - Winner!

  • Race: Protoss Protoss
  • League: Gold
  • Spawn Location: 11:00

zidar

  • Race: Zerg Zerg
  • League: Silver
  • Spawn Location: 7:00

VOD

Have the link to the VOD?

Description

Time

  • Played on: March 4, 2016, 10:40 a.m.
  • Length: 11:31
Show
View Real Time Build Order
Export as new Build Order

Johnny Protoss - Winner!

Build Orders:  

Get SALT Encoding   

  12  0:01  Probe (Chrono Boost)  
  13  0:11  Probe (Chrono Boost)  
  14  0:18  Pylon  
  14  0:22  Probe (Chrono Boost)  
  15  0:37  Probe (Chrono Boost)  
  16  0:44  Gateway  
  16  0:47  Probe (Chrono Boost)  
  17  0:50  Assimilator  
  17  1:01  Forge  
  17  1:09  Pylon  
  17  1:12  Probe (Chrono Boost)  
  18  1:23  Probe (Chrono Boost)  
  19  1:31  Zealot  
  21  1:38  Cybernetics Core  
  21  1:57  Photon Cannon  
  21  2:08  Assimilator  
  21  2:10  Probe (Chrono Boost)  
  22  2:17  Warp Gate  
  22  2:21  Probe (Chrono Boost)  
  23  2:27  Nexus  
  23  2:33  Mothership Core (Chrono Boost)  
  26  2:51  Probe (Chrono Boost)  
  26  2:54  Pylon  
  26  3:02  Probe (Chrono Boost)  
  27  3:14  Photon Cannon  
  27  3:18  Gateway  
  27  3:25  Probe (Chrono Boost)  
  28  3:34  Pylon  
  28  3:36  Probe (Chrono Boost)  
  29  3:43  Stalker  
  29  3:46  Probe (Chrono Boost)  
  32  3:49  Probe (Chrono Boost)  
  33  3:57  Probe (Chrono Boost)  
  33  3:59  Probe (Chrono Boost)  
  35  4:07  Probe (Chrono Boost)  
  36  4:10  Probe (Chrono Boost)  
  36  4:11  Robotics Facility  
  37  4:20  Sentry  
  37  4:21  Probe (Chrono Boost)  
  40  4:39  Pylon  
  40  4:41  Assimilator  
  40  4:42  Probe (Chrono Boost)  
  40  4:43  Assimilator  
  40  4:44  Probe (Chrono Boost)  
  42  4:49  Stalker  
  45  4:53  Probe (Chrono Boost)  
  45  4:55  Probe (Chrono Boost)  
  46  5:00  Pylon  
  46  5:03  Probe (Chrono Boost)  
  46  5:05  Probe (Chrono Boost)  
  46  5:06  Photon Cannon  
  48  5:17  Warp Prism  
  50  5:22  Probe (Chrono Boost)  
  51  5:40  Robotics Facility  
  51  5:48  Stargate  
  51  5:50  Stargate  
  51  5:52  Sentry  
  53  6:12  Gateway  
  53  6:13  Gateway  
  53  6:28  Nexus  
  53  6:36  Fleet Beacon  
  53  6:39  Pylon  
  53  6:40  Pylon  
  53  6:42  Pylon  
  53  6:49  Stalker  
  53  6:52  Protoss Ground Weapons Level 1  
  55  6:58  Immortal  
  55  7:00  Observer  
  60  7:13  Assimilator  
  60  7:15  Assimilator  
  60  7:19  Pylon  
  60  7:21  Immortal, Pylon  
  64  7:24  Pylon  
  70  7:37  Immortal  
  74  7:50  Carrier  
  74  8:03  Probe (Chrono Boost)  
  75  8:06  Photon Cannon  
  75  8:07  Photon Cannon  
  75  8:09  Photon Cannon  
  75  8:13  Probe (Chrono Boost), Photon Cannon  
  76  8:24  Probe (Chrono Boost)  
  83  8:34  Probe (Chrono Boost)  
  68  8:45  Probe (Chrono Boost)  
  68  8:46  Protoss Ground Armor Level 1  
  68  8:47  Carrier  
  68  8:48  Immortal x2  
  82  9:00  Stalker  
  84  9:15  Carrier  
  82  9:22  Mothership Core (Chrono Boost)  
  82  9:25  Stalker  
  82  9:28  Stalker  
  76  9:43  Pylon  
  76  9:45  Pylon  
  76  9:46  Probe (Chrono Boost)  
  76  9:51  Observer  
  76  9:57  Probe (Chrono Boost)  
  77  10:05  Photon Cannon  
  77  10:06  Photon Cannon  
  77  10:07  Probe (Chrono Boost)  
  77  10:12  Immortal  
  88  10:18  Probe (Chrono Boost)  
  88  10:19  Nexus  
  89  10:28  Probe (Chrono Boost)  
  90  10:39  Probe (Chrono Boost)  
  92  10:50  Probe (Chrono Boost)  
  92  10:51  Pylon  
  92  10:54  Pylon  
  92  11:00  Probe (Chrono Boost)  
  91  11:10  Assimilator  
  91  11:12  Assimilator  
Show
View Real Time Build Order
Export as new Build Order

zidar Zerg 

Build Orders: Hatch First 

Get SALT Encoding   

  12  0:01  Drone  
  13  0:12  Overlord  
  13  0:17  Drone  
  14  0:30  Drone x2  
  14  0:34  Drone  
  17  0:55  Hatchery  
  17  0:56  Drone  
  17  1:10  Spawning Pool  
  16  1:13  Drone  
  17  1:19  Extractor, Drone  
  17  1:45  Drone  
  17  1:46  Drone  
  19  1:49  Overlord  
  19  1:57  Drone  
  19  1:58  Queen  
  22  2:06  Roach Warren  
  21  2:33  Queen  
  23  2:41  Hatchery  
  22  2:59  Drone x5  
  22  3:00  Drone  
  28  3:09  Queen  
  30  3:20  Roach x2  
  30  3:23  Roach  
  36  3:41  Extractor  
  36  3:43  Drone  
  36  3:46  Overlord x2  
  36  3:47  Overlord  
  36  4:08  Metabolic Boost  
  36  4:10  Lair  
  36  4:16  Drone x7  
  36  4:17  Drone  
  44  4:24  Extractor  
  43  4:25  Extractor  
  42  4:40  Evolution Chamber  
  42  4:44  Queen, Evolution Chamber  
  42  5:04  Drone x3  
  45  5:07  Roach  
  45  5:08  Roach x4  
  55  5:22  Drone  
  56  5:31  Hydralisk Den  
  55  5:36  Roach  
  55  5:37  Roach x3  
  55  5:38  Roach  
  65  6:11  Overlord  
  65  6:12  Overlord x4  
  65  6:46  Roach  
  79  6:47  Roach x7, Zergling x2  
  79  6:48  Zergling x4  
  84  7:01  Hydralisk x2  
  84  7:04  Hydralisk  
  90  7:10  Hydralisk  
  92  7:19  Glial Reconstitution  
  92  7:26  Hydralisk x2  
  96  7:42  Hydralisk  
  96  7:43  Hydralisk x2  
  102  7:48  Drone x2  
  102  8:03  Hydralisk  
  102  8:04  Hydralisk  
  106  8:18  Ravager  
  106  8:21  Overseer  
  106  8:23  Overlord  
  106  8:24  Overlord  
  94  8:54  Roach x10  
  61  9:43  Roach  
  61  9:44  Roach x8, Hydralisk  
  61  9:45  Hydralisk x2  
  83  10:04  Drone  
  83  10:05  Drone x2  
  86  10:08  Drone x3  
  89  10:20  Drone  
  90  10:22  Drone  
  90  10:24  Hydralisk  
  90  10:25  Hydralisk x4  
Tags
 
Matchup
PvZ
Spawn Locations
Close Positions
Add a new tag
Caveats
  • Supply blocks, unpowered buildings, or Contaminate may cause inaccurate times.
  • Supply counts are checked every 10 seconds.